Map: Orbital Shipyard

Players

MillMlorD (MarineLorD) - Winner!

  • Race: Terran Terran

iaguz

  • Race: Terran Terran

Event: NationWars III

VOD

Have the link to the VOD?

Description

Time

  • Played on: Dec. 5, 2015, 1:43 p.m.
  • Length: 9:18

All games in this series

Show
View Real Time Build Order
Export as new Build Order

MillMlorD Terran - Winner!

Build Orders:  

Get SALT Encoding   

  12  0:00  SCV  
  13  0:12  SCV  
  14  0:17  Supply Depot  
  14  0:25  SCV  
  14  0:27  Refinery  
  15  0:39  SCV  
  16  0:43  Barracks  
  16  0:51  SCV  
  17  1:03  SCV  
  18  1:15  SCV  
  19  1:30  Orbital Command  
  19  1:31  Marine  
  19  1:32  Factory  
  20  1:41  Supply Depot  
  20  1:49  Reaper  
  21  1:55  SCV  
  22  2:07  SCV  
  23  2:10  Command Center  
  23  2:17  Hellion  
  23  2:19  SCV  
  23  2:22  Reaper  
  27  2:32  SCV, Supply Depot  
  28  2:43  Hellion  
  28  2:44  SCV  
  31  2:48  Refinery  
  31  2:54  Starport  
  31  3:00  SCV  
  32  3:08  Hellion  
  34  3:13  SCV  
  34  3:18  Barracks Reactor  
  34  3:21  Supply Depot  
  34  3:25  SCV, Orbital Command  
  35  3:35  Viking  
  35  3:37  SCV  
  35  3:38  Factory Tech Lab  
  38  3:49  SCV  
  38  3:54  Marine x2  
  41  3:56  SCV  
  41  4:01  SCV, Cyclone  
  46  4:09  SCV  
  47  4:11  Supply Depot  
  47  4:12  Marine x2  
  47  4:13  SCV  
  50  4:21  SCV  
  51  4:25  SCV  
  51  4:33  SCV  
  51  4:35  Siege Tank, Marine x2  
  51  4:37  SCV  
  58  4:39  Supply Depot  
  58  4:46  SCV  
  58  4:49  SCV  
  58  4:50  Starport Reactor  
  58  4:52  Barracks  
  60  4:53  Barracks  
  60  4:57  Supply Depot  
  60  4:58  SCV  
  61  5:01  SCV  
  61  5:04  Marine x2  
  64  5:07  Siege Tank  
  64  5:11  SCV, Supply Depot  
  64  5:13  SCV  
  69  5:16  Engineering Bay  
  69  5:18  Refinery  
  69  5:22  Marine x2  
  69  5:23  SCV  
  69  5:26  SCV  
  73  5:30  Refinery  
  73  5:33  Supply Depot  
  73  5:35  SCV  
  74  5:38  SCV  
  74  5:40  Barracks Tech Lab  
  74  5:42  Siege Tank, Marine x2  
  80  5:45  Starport Reactor  
  80  5:47  SCV  
  80  5:49  Marine x2  
  83  5:52  SCV  
  83  5:59  Marine x2  
  83  6:03  Terran Infantry Weapons Level 1  
  85  6:05  SCV  
  85  6:06  Marine  
  87  6:11  Command Center  
  87  6:14  Marine x2  
  87  6:15  SCV  
  87  6:17  SCV, Marine  
  91  6:25  Medivac  
  92  6:27  Barracks, Medivac  
  92  6:28  Barracks  
  92  6:30  Stimpack  
  94  6:37  Siege Tank, Missile Turret  
  94  6:39  Marine  
  97  6:40  Marine  
  97  6:41  SCV  
  97  6:42  SCV  
  97  6:45  Marine  
  102  6:49  Supply Depot  
  102  6:54  Supply Depot x2  
  102  6:58  SCV x2  
  102  6:59  Supply Depot  
  102  7:10  SCV, Medivac, Marine x5  
  110  7:16  SCV, Siege Tank  
  110  7:17  Barracks Reactor x2  
  114  7:23  SCV  
  114  7:28  Marine x2  
  114  7:29  SCV  
  119  7:31  Marine x3  
  119  7:33  Orbital Command  
  119  7:35  SCV  
  120  7:46  Marine x2  
  120  7:47  SCV  
  120  7:48  Siege Tank  
  120  7:49  Marine x2  
  124  7:52  Marine  
  124  7:54  Marine  
  124  7:57  Marine x2  
  124  7:58  SCV, Marine  
  113  7:59  SCV x2  
  113  8:04  Marine x2  
  112  8:07  Marine x2  
  112  8:10  SCV, Marine  
  112  8:11  SCV x2  
  112  8:12  Marine  
  119  8:14  Marine  
  119  8:15  Marine  
  119  8:16  Marine  
  116  8:21  Marine  
  116  8:22  SCV, Marine  
  116  8:23  SCV x2  
  116  8:25  Marine x2  
  117  8:28  Marine  
  117  8:30  Marine  
  117  8:32  Marine x2  
  117  8:34  SCV, Marine  
  120  8:35  SCV  
  120  8:39  Siege Tank, Marine x2  
  122  8:43  Marine x2  
  122  8:46  Marine  
  122  8:48  Marine  
  120  8:50  Marine x2  
  120  8:51  Marine  
  123  8:57  Refinery x2, Marine x2  
Show
View Real Time Build Order
Export as new Build Order

iaguz Terran 

Build Orders: 1/1/1, Liberator Opening, MMM Bio 

Get SALT Encoding   

  12  0:01  SCV  
  13  0:13  SCV  
  14  0:18  Supply Depot  
  14  0:25  SCV  
  15  0:29  Refinery  
  15  0:40  SCV  
  16  0:45  Barracks  
  16  0:52  SCV  
  17  0:59  Refinery  
  17  1:04  SCV  
  18  1:16  SCV  
  19  1:32  Reaper  
  21  1:33  Orbital Command  
  21  1:37  Factory  
  20  1:47  Supply Depot  
  20  1:59  SCV  
  21  2:04  Reaper  
  22  2:11  SCV  
  25  2:22  Starport  
  25  2:23  Hellion  
  25  2:24  SCV  
  25  2:28  Supply Depot  
  26  2:36  SCV  
  27  2:42  Barracks Tech Lab, Liberator  
  28  2:44  Hellion  
  28  2:48  SCV  
  29  3:00  SCV  
  33  3:12  Supply Depot, SCV  
  34  3:17  Cyclone  
  36  3:27  SCV  
  37  3:38  Command Center  
  37  3:41  SCV  
  37  3:42  Marine  
  39  3:53  SCV  
  40  4:01  Raven  
  40  4:02  Barracks Reactor, Factory Tech Lab  
  42  4:06  SCV  
  42  4:09  Supply Depot  
  43  4:18  SCV  
  44  4:25  Siege Tank  
  44  4:31  SCV  
  45  4:46  Marine x2  
  45  4:47  Medivac  
  45  4:49  SCV  
  50  4:53  Command Center, Orbital Command  
  50  5:01  SCV  
  51  5:11  Siege Tank, Marine x2  
  51  5:13  SCV  
  57  5:18  Barracks  
  56  5:23  SCV  
  56  5:25  SCV  
  58  5:29  Marine x2  
  58  5:33  Barracks  
  60  5:36  Medivac  
  60  5:38  SCV x2  
  60  5:39  Supply Depot  
  64  5:45  Siege Tank  
  64  5:49  Supply Depot  
  67  5:50  SCV x2  
  67  5:55  Marine  
  70  5:59  Refinery  
  70  6:01  Refinery, Marine  
  70  6:02  SCV  
  70  6:03  SCV  
  73  6:08  Orbital Command  
  69  6:14  SCV  
  69  6:17  SCV  
  71  6:21  Marine x2  
  71  6:24  Medivac  
  71  6:25  Barracks Tech Lab  
  72  6:26  SCV, Orbital Command  
  72  6:30  SCV  
  72  6:31  Marine  
  72  6:32  Stimpack  
  75  6:37  Barracks  
  75  6:39  Barracks  
  75  6:43  SCV x2  
  75  6:46  Supply Depot, Engineering Bay  
  77  6:49  Combat Shields  
  77  6:54  SCV  
  78  6:55  SCV x2  
  78  6:57  Marine x4  
  84  7:13  Siege Tank  
  84  7:14  SCV x3, Medivac  
  84  7:15  Marine x4  
  93  7:16  Terran Infantry Weapons Level 1  
  93  7:22  Supply Depot x2  
  97  7:31  SCV  
  97  7:32  SCV x2  
  97  7:33  Barracks Reactor x2, Marine x2  
  99  7:37  Marine x2  
  99  7:44  SCV x3  
  104  7:51  Marine x2  
  106  7:55  Marine x2  
  106  7:56  SCV  
  79  8:08  Marine x2  
  79  8:12  Marine x2  
  79  8:13  Marine x3  
  79  8:14  Siege Tank, Marine  
  79  8:15  Medivac  
  89  8:26  Marine x2  
  90  8:30  Marine x3  
  90  8:31  Marine x3  
  95  8:39  SCV  
  95  8:40  SCV  
  90  8:44  Marine x2  
  90  8:47  Medivac  
  90  8:48  Marine x5  
  74  8:49  Marine  
  74  8:52  SCV x2  
  73  9:04  SCV x2  
Tags
 
Add a new tag
Caveats
  • Supply blocks, unpowered buildings, or Contaminate may cause inaccurate times.
  • Supply counts are checked every 10 seconds.